 Seeded DCSS version 0.30-a0-857-gcaf70739d4 (webtiles) character file.

Game seed: 18242870539230726858 (custom seed)

428 bmack86 the Chopper (level 6, -2/56 HPs)
             Began as a Minotaur Fighter on Mar 6, 2023.
             Slain by an ogre
             ... wielding a +0 giant club
              (12 damage)
             ... on level 4 of the Dungeon.
             The game lasted 00:06:50 (2496 turns).

bmack86 the Chopper (Minotaur Fighter)              Turns: 2496, Time: 00:06:50

Health: -2/56      AC: 15    Str: 22    XL:     6   Next: 65%
Magic:  5/5        EV:  6    Int:  5    God:
Gold:   126        SH:  5    Dex: 10    Spells: 5/5 levels left

rFire   . . .      SeeInvis .    a - +0 war axe
rCold   . . .      Faith    .    c - +0 buckler
rNeg    . . .      Spirit   .    t - +0 plate armour
rPois   +          Reflect  .    (helmet restricted)
rElec   .          Rampage  .    (no cloak)
rCorr   .                        (no gloves)
Will    .....                    i - +2 pair of boots {Fly} Stlth
                                 n - amulet of regeneration
HPRegen 1.09/turn                k - ring of poison resistance
MPRegen 0.09/turn                (no ring)

@: flying
A: horns 2, retaliatory headbutt
a: no special abilities


You were on level 4 of the Dungeon.
You visited 1 branch of the dungeon, and saw 4 of its levels.

You collected 271 gold pieces.
You spent 145 gold pieces at shops.

Inventory:

Hand Weapons
 a - a +0 war axe (weapon)
Missiles
 r - 2 boomerangs (quivered)
Armour
 b - a +0 scale mail
 c - a +0 buckler (worn)
 i - a +2 pair of boots of flying (worn)
 t - a +0 plate armour (worn)
Jewellery
 k - a ring of poison resistance (left hand)
 n - an amulet of regeneration (around neck)
Scrolls
 f - a scroll of fear {unknown}
 g - 2 scrolls of vulnerability {unknown}
 j - a scroll of identify
 l - a scroll of enchant weapon {unknown}
 p - 2 scrolls of teleportation {unknown}
 q - a scroll of fog {unknown}
 s - 2 scrolls of immolation {unknown}
 u - a scroll of torment {unknown}
 v - a scroll of poison {unknown}
 w - a scroll of blinking {unknown}
Potions
 d - a potion of might
 e - 2 potions of attraction
 h - 3 potions of mutation
 m - a potion of invisibility
 o - a potion of haste
 x - a potion of magic


   Skills:
 + Level 5.1 Fighting
 * Level 5.7 Axes
 + Level 0.3 Throwing
 + Level 5.2 Armour
 + Level 5.1 Shields


You had 5 spell levels left.
You didn't know any spells.
Your spell library contained the following spells:

 Spells                   Type           Power      Damage    Failure   Level
 Kiss of Death            Conj/Necr      0%         2d5       100%        1
 Magic Dart               Conj           0%         1d3       100%        1
 Call Imp                 Summ           0%         N/A       100%        2
 Confusing Touch          Hex            0%         N/A       100%        3
 Mephitic Cloud           Conj/Pois/Air  0%         N/A       100%        3
 Dispel Undead            Necr           0%         3d6       100%        4


Dungeon Overview and Level Annotations

Branches:
Dungeon (4/15)
 Temple: D:4-7

Altars:
Gozag

Shops:
D:1 ((*[*   D:2 *


Innate Abilities, Weirdness & Mutations

You have a pair of horns on your head.
You reflexively headbutt those who attack you in melee.


Message History

Things that are here:
a +0 dagger; a goblin corpse You slash the quokka!
You kill the quokka!
Found a stone staircase leading down.
A hobgoblin comes into view.
Found a stone staircase leading down.
The hobgoblin shouts!
A goblin comes into view. It is wielding a +0 dagger.
The goblin shouts!
Found a scroll labelled HEGASE REETZ.
You closely miss the hobgoblin.
You headbutt the hobgoblin, but do no damage.
You barely miss the goblin.
The hobgoblin hits you but does no damage.
The goblin hits you but does no damage.
You hit the hobgoblin.
The hobgoblin is heavily wounded.
You hit the goblin.
An ogre comes into view. It is wielding a +0 giant club.
The hobgoblin barely misses you. You furiously retaliate!
You headbutt the hobgoblin!
You kill the hobgoblin!
The goblin barely misses you.
The ogre shouts!
The goblin completely misses you. You furiously retaliate!
You headbutt the goblin, but do no damage.
You closely miss the goblin. You headbutt the goblin.
You kill the goblin!
Things that are here:
a +0 dagger; a goblin corpse The ogre hits you with a +0 giant club!!
You hit the ogre but do no damage.
The ogre hits you with a +0 giant club!!
* * * LOW HITPOINT WARNING * * *
You barely miss the ogre. The ogre barely misses you.
You slash the ogre! You headbutt the ogre!
The ogre is severely wounded.
The ogre hits you with a +0 giant club!
You die...

#########
###.......###
.>.........#####
#.........#...
#........>..#
##...........#
##............#
#..@.).##...#.#
#....O.#####.##
_. #.?...##
##.## ..
#.....## ##.##
.. #...... ##.##
.. ....#..
##...###.#
...###.
##........# ..#
#. ##........##
#........).#


You could see an ogre.

Vanquished Creatures
  Sigmund (D:2)
  A phantom (D:3)
  7 gnolls
  6 adders
  A worm (D:2)
  A dart slug (D:1)
  4 orcs (D:3)
  4 ball pythons
  5 endoplasms
  5 giant cockroaches
  11 goblins
  4 hobgoblins
  2 quokkas
  9 bats
  15 frilled lizards
  7 kobolds
  6 rats
89 creatures vanquished.

Vanquished Creatures (others)
  8 plants (D:1)
8 creatures vanquished.

Grand Total: 97 creatures vanquished

Notes
Turn   | Place    | Note
-------+----------+-------------------------------------------
     0 | D:1      | bmack86 the Minotaur Fighter began the quest for the Orb.
     0 | D:1      | Reached XP level 1. HP: 19/19 MP: 0/0
    86 | D:1      | Found Iczoal's Antique Armour Shop.
   182 | D:1      | Reached XP level 2. HP: 27/27 MP: 1/1
   346 | D:1      | Found Gaux's General Store.
   545 | D:1      | Found Ridunu's General Store.
   573 | D:1      | Bought a scroll of identify for 20 gold pieces
   622 | D:1      | Found Mapt's Weapon Shop.
   661 | D:1      | Found Mazynewu's Weapon Shoppe.
   921 | D:2      | Reached XP level 3. HP: 33/33 MP: 2/2
   976 | D:2      | Noticed Sigmund
   987 | D:2      | Killed Sigmund
   988 | D:2      | Reached XP level 4. HP: 28/41 MP: 3/3
   988 | D:2      | Reached XP level 5. HP: 32/47 MP: 4/4
  1211 | D:2      | Reached skill level 5 in Axes
  1350 | D:2      | Found Qerurash's Assorted Antiques.
  1360 | D:2      | Bought a thin malachite amulet for 125 gold pieces
  1617 | D:2      | Reached XP level 6. HP: 55/55 MP: 5/5
  1642 | D:2      | Identified the +0 leather armour of Xuytoo {rF++ rN+}
  1913 | D:3      | Reached skill level 5 in Fighting
  1913 | D:3      | Reached skill level 5 in Armour
  1913 | D:3      | Reached skill level 5 in Shields
  2470 | D:4      | Found an opulent altar of Gozag.
  2496 | D:4      | Slain by an ogre

Illustrated notes

Levels and vault maps discovered:
D:1:      dpeg_arrival_stone_temple_mockup, layout_basic, serial_shops, shop,
          shop_statue, shop_statue, nicolae_shop_advertising_works
          [nicolae_subvault_shop_adworks], nicolae_shop_bloodbath_and_beyond,
          minmay_lizard_king
D:2:      layout_loops_ring, serial_shops, nicolae_lakefront_shop,
          minmay_pentomino_pile, uniq_sigmund
D:3:      layout_loops_ring
D:4:      layout_cave_pods, grunt_gozag_statues,
          mainiacjoe_overflow_divided_tiny

Skill      XL: |  1  2  3  4  5  6 |
---------------+-------------------+-----
Axes           | 3 4 5 |  5.7
Fighting       | 4 5 |  5.1
Armour         | 4 5 |  5.2
Shields        | 4 5 |  5.1
Throwing       | |  0.3

Action                     |  1- 3 |  4- 6 || total
---------------------------+-------+-------++-------
  Melee: War axe           |    62 |   115 ||   177
         Headbutt          |     3 |    16 ||    19
    Use: Scroll            |       |     6 ||     6
 Armour: Scale mail        |    44 |    55 ||    99
         Plate armour      |       |    22 ||    22
  Dodge: Dodged            |    41 |    57 ||    98
  Block: Buckler           |    13 |    35 ||    48

Table legend: (Time is in decaauts)
 A = Elapsed time spent in this place.
 B = Non-inter-level travel time spent in this place.
 C = Inter-level travel time spent in this place.
 D = Time resting spent in this place.
 E = Time spent auto-exploring this place.
 F = Levels seen in this place.
 G = Mean time per level.
                   A        B        C        D        E       F      G
               +--------+--------+--------+--------+--------+-----+--------+
         Total |   2551 |   2468 |     83 |      0 |   1511 |   4 |  637.8 |
       Dungeon |   2551 |   2468 |     83 |      0 |   1511 |   4 |  637.8 |
               +--------+--------+--------+--------+--------+-----+--------+

Top non-repeatable levels by time:
     D:1: 941 daAuts
     D:2: 894 daAuts
     D:3: 604 daAuts
     D:4: 111 daAuts
